Map: King Sejong Station LE

Players

Mustitier - Winner!

  • Race: Terran Terran
  • League: Master

FinnsoN

  • Race: Terran Terran
  • League: Master

VOD

Have the link to the VOD?

Description

Time

  • Played on: July 10, 2016, 3:42 p.m.
  • Length: 11:46
Show
View Real Time Build Order
Export as new Build Order

Mustitier Terran - Winner!

Build Orders: Bio Tank 

Get SALT Encoding   

  12  0:01  SCV  
  13  0:13  SCV  
  14  0:18  Supply Depot  
  14  0:25  SCV  
  15  0:39  SCV  
  15  0:41  Barracks  
  16  0:46  Refinery  
  16  0:53  SCV  
  17  1:05  SCV  
  18  1:17  SCV  
  19  1:30  Orbital Command  
  19  1:31  Barracks Reactor  
  19  1:48  Command Center  
  19  1:56  SCV  
  20  2:07  Factory  
  20  2:08  Marine x2  
  20  2:09  SCV  
  23  2:17  Supply Depot  
  23  2:38  Marine x2  
  23  2:39  SCV  
  26  2:51  SCV  
  27  2:52  Starport  
  27  2:53  Widow Mine  
  27  2:56  Marine x2, Refinery  
  31  3:03  SCV, Orbital Command  
  32  3:14  Marine x2  
  32  3:15  SCV  
  35  3:23  Factory Tech Lab  
  35  3:27  SCV  
  35  3:30  Medivac  
  35  3:31  SCV  
  35  3:32  Marine  
  40  3:34  Supply Depot, Marine  
  41  3:44  SCV x2  
  43  3:49  Marine  
  43  3:55  Marine  
  45  3:56  SCV, Siege Tank  
  45  3:57  SCV  
  45  4:01  Supply Depot  
  50  4:07  Marine  
  50  4:08  SCV  
  50  4:09  SCV  
  53  4:14  Viking  
  45  4:20  Marine, SCV  
  45  4:21  SCV  
  48  4:25  Marine  
  46  4:32  SCV  
  46  4:38  Siege Tank  
  47  4:40  SCV  
  47  4:44  Command Center  
  48  4:49  SCV  
  48  4:52  SCV  
  50  4:57  Viking  
  52  5:01  SCV  
  52  5:04  SCV, Marine x2  
  56  5:09  Refinery, Barracks  
  56  5:14  SCV  
  57  5:16  SCV  
  58  5:24  Siege Tank  
  58  5:26  SCV  
  62  5:32  Marine  
  62  5:33  SCV  
  60  5:46  SCV  
  60  5:49  SCV  
  62  5:54  Barracks  
  62  5:56  Siege Tank  
  65  5:58  SCV  
  66  6:05  SCV, Orbital Command  
  66  6:10  SCV  
  68  6:12  Barracks Tech Lab  
  68  6:13  Refinery  
  68  6:17  SCV, Barracks  
  69  6:19  Engineering Bay, Barracks  
  69  6:20  Engineering Bay  
  69  6:21  Starport Reactor  
  69  6:22  SCV  
  70  6:29  SCV  
  71  6:34  SCV  
  71  6:39  SCV  
  73  6:41  SCV  
  74  6:52  Stimpack, Barracks Reactor  
  74  6:55  Terran Infantry Armor Level 1, Terran Infantry Weapons Level 1  
  74  6:58  SCV x2  
  77  7:04  Missile Turret  
  77  7:05  Missile Turret  
  76  7:10  SCV, Orbital Command  
  76  7:12  Barracks Reactor  
  76  7:13  Supply Depot, Barracks Reactor  
  76  7:14  Supply Depot  
  77  7:17  SCV  
  77  7:19  Marine x2  
  77  7:20  Marine  
  77  7:21  Siege Tank  
  77  7:22  SCV  
  85  7:25  Sensor Tower  
  85  7:35  SCV x2  
  87  7:37  SCV  
  87  7:41  Refinery  
  87  7:42  Refinery  
  87  7:44  Supply Depot, Marine x4  
  88  7:45  Marine  
  88  7:46  Supply Depot, Armory, Medivac  
  95  7:52  Medivac  
  87  8:13  Siege Tank  
  87  8:14  Marine x4  
  87  8:15  Marine x3  
  87  8:16  Marine x2, Medivac  
  101  8:22  SCV, Medivac  
  101  8:23  SCV x2  
  106  8:32  Marine x6  
  106  8:33  Marine x2  
  106  8:34  Marine  
  115  8:35  SCV, Missile Turret  
  116  8:46  Terran Vehicle Weapons Level 1  
  116  8:49  Marine  
  116  8:50  Missile Turret  
  116  8:51  Missile Turret  
  116  8:52  Terran Infantry Weapons Level 2, Supply Depot, Terran Infantry Armor Level 2  
  116  8:53  Marine x6  
  122  9:08  Siege Tank  
  125  9:13  Marine x2  
  127  9:27  SCV  
  127  9:28  Refinery  
  128  9:31  SCV  
  128  9:32  SCV, Marine x2  
  132  9:39  SCV  
  132  9:42  Marine x2  
  132  9:43  Marine, SCV  
  132  9:47  Siege Tank  
  124  9:58  Command Center  
  122  10:00  Marine x4  
  122  10:01  Marine x5  
  131  10:13  SCV  
  132  10:15  Supply Depot, Barracks  
  132  10:16  Barracks  
  132  10:18  Supply Depot, Marine  
  132  10:19  Supply Depot  
  133  10:21  Marine x5  
  133  10:22  Siege Tank  
  133  10:23  Combat Shields  
  141  10:36  Marine x2  
  141  10:37  Marine x2  
  141  10:39  Marine x5  
  141  10:41  Sensor Tower  
  149  10:54  Marine x4, Siege Tank  
  156  10:57  Marine  
  156  11:02  Marine x2  
  147  11:22  Marine  
Show
View Real Time Build Order
Export as new Build Order

FinnsoN Terran 

Build Orders: MMM Bio 

Get SALT Encoding   

  12  0:00  SCV  
  13  0:12  SCV  
  14  0:17  Supply Depot  
  14  0:24  SCV  
  15  0:38  SCV  
  15  0:40  Barracks  
  16  0:44  Refinery  
  16  0:51  SCV  
  17  1:03  SCV  
  18  1:19  SCV  
  19  1:28  Barracks Reactor  
  19  1:36  Command Center  
  19  1:47  Orbital Command  
  19  1:59  Supply Depot  
  19  2:05  Marine x2  
  21  2:12  SCV  
  22  2:22  Marine  
  22  2:23  Marine  
  22  2:25  SCV  
  25  2:35  Factory  
  26  2:37  SCV  
  26  2:40  Marine x2  
  28  2:49  SCV, Orbital Command  
  29  2:58  Marine x2, Refinery  
  29  3:01  SCV  
  32  3:13  SCV  
  32  3:17  Marine x2  
  32  3:18  SCV  
  36  3:20  Widow Mine, Starport  
  36  3:26  SCV  
  39  3:30  SCV  
  40  3:35  Marine x2  
  40  3:38  SCV  
  40  3:39  Supply Depot  
  43  3:43  SCV  
  44  3:49  Factory Tech Lab  
  44  3:52  SCV  
  44  3:53  Marine  
  46  3:57  Supply Depot  
  46  4:00  Marine  
  46  4:01  SCV, Medivac  
  50  4:05  SCV  
  50  4:09  Siege Tank  
  54  4:11  Supply Depot  
  54  4:18  Marine  
  54  4:23  Marine  
  56  4:25  SCV  
  56  4:29  SCV  
  56  4:36  Marine  
  56  4:38  Command Center  
  50  4:41  Marine, Siege Tank  
  53  4:52  Starport Reactor  
  53  4:56  SCV x2  
  55  5:02  Marine x2, Engineering Bay, Barracks x2  
  57  5:08  SCV x2  
  57  5:13  Siege Tank  
  62  5:20  Supply Depot, Marine x2, SCV  
  65  5:22  Supply Depot  
  65  5:23  SCV  
  65  5:32  SCV  
  64  5:38  Marine x2  
  63  5:49  Viking  
  61  5:56  Marine x2  
  62  6:00  Orbital Command  
  62  6:03  SCV, Orbital Command  
  62  6:13  Barracks Tech Lab  
  62  6:14  Barracks Tech Lab  
  62  6:17  SCV, Marine  
  63  6:23  Viking  
  65  6:29  SCV  
  65  6:30  SCV  
  67  6:33  Viking  
  67  6:38  SCV  
  70  6:41  SCV  
  70  6:43  Marine  
  70  6:46  Combat Shields, Orbital Command, Stimpack  
  72  6:52  Marine  
  72  6:53  Marine x2  
  75  6:57  SCV  
  75  6:59  Terran Infantry Weapons Level 1  
  76  7:03  SCV  
  77  7:08  Marine  
  77  7:09  SCV  
  77  7:10  Siege Tank  
  77  7:12  SCV  
  77  7:13  Marine x2  
  77  7:15  SCV  
  86  7:20  Medivac  
  86  7:22  SCV  
  89  7:26  Supply Depot  
  89  7:34  Barracks  
  89  7:35  Engineering Bay, Barracks  
  89  7:37  SCV  
  89  7:38  Armory  
  89  7:40  SCV  
  89  7:41  SCV, Refinery x2  
  89  7:43  Marine  
  89  7:44  Marine  
  94  7:45  Marine x2  
  94  7:49  SCV  
  94  7:51  Refinery  
  97  7:52  Refinery  
  97  7:53  SCV  
  97  7:55  Supply Depot  
  98  8:01  Marine  
  96  8:09  Marine x2  
  96  8:12  Siege Tank  
  99  8:13  Marine  
  99  8:15  Medivac  
  99  8:19  SCV x2, Marine  
  105  8:24  Barracks Reactor x2  
  105  8:26  Marine  
  106  8:35  Marine x2  
  106  8:37  Marine  
  106  8:38  Terran Infantry Armor Level 1  
  106  8:39  SCV  
  110  8:45  Barracks  
  110  8:46  SCV, Marine, Barracks  
  110  8:47  Barracks  
  75  8:48  Medivac x2  
  112  8:52  Marine  
  117  9:04  Supply Depot x2  
  117  9:06  Supply Depot  
  117  9:11  Factory  
  117  9:25  Marine x5  
  117  9:26  Terran Infantry Weapons Level 2, Marine x3, SCV x3  
  117  9:28  Supply Depot, Terran Vehicle Weapons Level 1, Command Center  
  117  9:29  Supply Depot  
  128  9:36  Missile Turret  
  128  9:38  SCV, Missile Turret  
  129  9:39  Missile Turret x2  
  129  9:41  Marine, Missile Turret  
  129  9:42  Marine x2  
  129  9:43  Marine x4  
  130  9:51  Siege Tank  
  130  9:53  SCV  
  130  9:54  SCV  
  132  10:00  Medivac x2  
  132  10:05  Missile Turret  
  136  10:09  SCV  
  136  10:11  Barracks Reactor  
  137  10:21  Barracks Reactor x2  
  137  10:22  Factory Tech Lab  
  137  10:23  Marine x3  
  137  10:28  Supply Depot, Missile Turret  
  140  10:32  Sensor Tower, Medivac  
  140  10:33  Medivac  
  144  10:36  Marine x2  
  144  10:37  Marine  
  144  10:40  SCV x2  
  149  10:50  Marine x2  
  149  10:55  Marine x3, Siege Tank  
  156  11:00  Marine x3  
  156  11:02  Siege Tank  
  160  11:04  Marine x2  
  160  11:06  Viking  
  164  11:15  Marine x4  
  164  11:17  Marine x2  
  135  11:21  Marine  
  100  11:26  Marine x2  
  100  11:27  Marine x2  
Tags
 
Add a new tag
Caveats
  • Supply blocks, unpowered buildings, or Contaminate may cause inaccurate times.
  • Supply counts are checked every 10 seconds.